 Dungeon Crawl Stone Soup version 0.16.1-28-gcc2312f (webtiles) character file.

37 Golfball the Grave Robber (level 3, 0/24 HPs)
             Began as a Demonspawn Necromancer on June 5, 2015.
             Hit by a stone thrown by a hobgoblin (1 damage)
             ... led by Robin
             ... on level 2 of the Dungeon.
             The game lasted 00:10:08 (1196 turns).

Golfball the Grave Robber (Demonspawn Necromancer)  Turns: 1196, Time: 00:10:08

Health: 0/24       AC:  3    Str:  9    XL:     3   Next: 23%
Magic:  1/6        EV: 12    Int: 16    God:
Gold:   44         SH:  0    Dex: 13    Spells: 2 memorised, 5 levels left

rFire  . . .     SeeInvis .     (no weapon)
rCold  + . .     Clarity  .     a - +0 robe
rNeg   . . .     SustAb   .     (no shield)
rPois  .         Gourm    .     j - +0 helmet
rElec  .         Spirit   .     (no cloak)
rCorr  .         Warding  .     (no gloves)
rMut   .         Stasis   .     (no boots)
MR     .....                    h - amulet of regeneration
Stlth  +++.......               (no ring)
                                (no ring)

@: very slightly contaminated, not resistant to hostile enchantments, fairly
stealthy
A: cold resistance 1, nightstalker 1
a: no special abilities


You were on level 2 of the Dungeon.
You were not hungry.

You visited 1 branch of the dungeon, and saw 2 of its levels.

You collected 44 gold pieces.

Inventory:

Missiles
 e - 8 tomahawks of returning (quivered)
Armour
 a - a +0 robe (worn)
 j - a +0 helmet (worn)
Jewellery
 h - an amulet of regeneration (around neck)
Scrolls
 f - a scroll of remove curse
 k - a scroll of magic mapping {unknown}
 l - 2 scrolls of immolation {unknown}
 m - a scroll of fog {unknown}
Potions
 g - a potion of curing
 i - 2 potions of heal wounds {unknown}
 n - a potion of agility {unknown}
Books
 b - a book of Necromancy

   Spells                             Type                      Level
   a - Pain                           Necromancy                   1
   b - Animate Skeleton               Necromancy                   1
   c - Vampiric Draining              Necromancy                   3
   d - Regeneration                   Charms/Necromancy            3
   e - Animate Dead                   Necromancy                   4
   f - Control Undead                 Necromancy                   4
Comestibles
 c - 3 bread rations
 o - a meat ration
 p - 2 fruits


   Skills:
 + Level 2.0 Dodging
 + Level 1.7 Stealth
 + Level 2.5 Spellcasting
 + Level 5.0 Necromancy


You had 5 spell levels left.
You knew the following spells:

 Your Spells              Type           Power        Failure   Level  Hunger
a - Pain                  Necr           ###.         2%          1    #......
b - Animate Skeleton      Necr           N/A          2%          1    #......


Dungeon Overview and Level Annotations

Branches:
Dungeon (2/15)

Altars:
Makhleb
Sif Muna


Innate Abilities, Weirdness & Mutations

Your flesh is cold resistant.
You are slightly more attuned to the shadows.


Message History

Robin is almost dead.
Robin hits you with a falchion.
You hit Robin.
Robin is almost dead.
Robin hits you with a falchion.
You hit Robin.
Robin is almost dead.
Robin hits you with a falchion.
* * * LOW HITPOINT WARNING * * *
You hit Robin.
You kill Robin!
You have reached level 3!
Your experience leads to an increase in your attributes!
Increase (S)trength, (I)ntelligence, or (D)exterity?
You feel stronger.
Your demonic ancestry asserts itself...
You slip into the darkness of the dungeon.
The hobgoblin throws a stone.
The stone hits you.
* * * LOW HITPOINT WARNING * * *
You open the door.
The hobgoblin throws a stone.
The stone hits you.
You die...

.##..#.#....####+#.#
#...........
.......#....#......#
#...........
##.....#..###......#
#..........g
.'.....'..#
#......###.........#.
##.....##.#
#......)............>
#.....##g#
#......##############
#.....##g# #.......
#.....##.# ####'#.##
#.....##g# #@#.#
#.....##.# #)#.#
########.# #g#.#
#.######.#.#
#.gg...#.#.#
######.#.# #.#.#
#.#.# ##.#.#


You could see a hobgoblin (frenzied).

Vanquished Creatures
  Robin (D:2)
  5 hobgoblins
  2 kobolds
  4 bats (D:1)
  3 giant newts (D:1)
  8 goblins
  3 rats
26 creatures vanquished.

Vanquished Creatures (collateral kills)
  A hobgoblin (D:1)
  A ball python (D:1)
  A giant newt (D:1)
3 creatures vanquished.

Vanquished Creatures (others)
  A bat skeleton (D:1)
  2 goblin skeletons (D:2)
3 creatures vanquished.

Grand Total: 32 creatures vanquished

Notes
Turn   | Place    | Note
--------------------------------------------------------------
     0 | D:1      | Golfball, the Demonspawn Necromancer, began the quest for the Orb.
     0 | D:1      | Reached XP level 1. HP: 13/13 MP: 3/3
    32 | D:1      | Learned a level 1 spell: Animate Skeleton
   226 | D:1      | Gained mutation: Your flesh is cold resistant. [demonic ancestry]
   226 | D:1      | Reached XP level 2. HP: 14/19 MP: 1/4
   718 | D:1      | You fall through a shaft!
   718 | D:2      | Found a deep blue altar of Sif Muna.
   718 | D:2      | Found a burning altar of Makhleb.
  1098 | D:2      | Noticed Robin
  1143 | D:2      | Reached skill level 5 in Necromancy
  1195 | D:2      | Killed Robin
  1195 | D:2      | Gained mutation: You are slightly more attuned to the shadows. [demonic ancestry]
  1195 | D:2      | Reached XP level 3. HP: 1/24 MP: 1/6
  1195 | D:2      | HP: 1/24 [hobgoblin/stone[Robin] (1)]
  1196 | D:2      | Hit by a stone thrown by a hobgoblin

Action                   || total
-------------------------++-------
Melee: Unarmed           ||    42
 Cast: Pain              ||    45
       Animate Skeleton  ||     9
  Use: Scroll            ||     3
  Eat: Chunk             ||     2
